AoeStats
← Djrafa

Pilgrims

509510513Analyzed
2v2 RM · 6d ago on Sep 27, 2026· 43m 25s· 4 players
Game mode
Random Map
Map size
Medium (4 player)
Population
200
Speed
Normal
Resources
Standard
Victory
Conquest
Starting age
Dark Age
Ending age
Imperial Age
RankedLock teamsTeams togetherTeam positionsShared explorationLock speedFull tech treeHidden civsTurbo modeCheats
Victory
Defeat
🇩🇴 Aztecs · Dominican Republic
676
+10
🇩🇴 Khmer · Dominican Republic
640
+12
🇨🇴 Franks · Colombia
543
-11
🇨🇱 Britons · Chile
541
-11
caalriac
9:27 Loom
15:34 Feudal Age
16:52 Double-Bit Axe
17:40 Gold Mining
17:51 Man-at-Arms
18:17 Fishing Lines
21:06 Stone Mining
23:24 Wheelbarrow
29:47 Castle Age
30:12 Arson
30:31 Husbandry
32:06 Bow Saw
32:51 Gold Shaft Mining
32:42 Fletching
33:10 Forging
33:07 Pikeman
33:48 Squires
36:04 Murder Holes
37:20 Bodkin Arrow
38:00 Elite Skirmisher
39:12 Scale Barding Armor
Bardax04
12:37 Feudal Age
15:03 Horse Collar
15:19 Double-Bit Axe
17:01 Stone Mining
21:22 Castle Age
21:14 Padded Archer Armor
21:07 Fletching
21:37 Elite Skirmisher
22:36 Leather Archer Armor
23:11 Bodkin Arrow
23:20 Heavy Plow
26:15 Gold Mining
27:14 Medium Warships
27:48 Pikeman
30:12 Town Watch
31:35 Town Patrol
32:11 Wheelbarrow
40:01 Bow Saw
a.mglass
5:33 Loom
12:27 Feudal Age
13:01 Double-Bit Axe
13:54 Wheelbarrow
14:53 Horse Collar
14:42 Man-at-Arms
19:22 Castle Age
17:57 Arson
18:25 Gold Mining
20:49 Bow Saw
21:40 Stone Mining
25:19 Hand Cart
25:19 Heavy Plow
26:29 Husbandry
27:47 Forging
27:38 Scale Mail Armor
29:36 Gold Shaft Mining
28:55 Pikeman
30:08 Scale Barding Armor
34:07 Imperial Age
32:20 Long Swordsman
35:35 Stone Shaft Mining
34:57 Two-Handed Swordsman
37:28 Capped Ram
43:03 Iron Casting
42:43 Chain Mail Armor
42:49 Chain Barding Armor
42:54 Siege Ram
Djrafa
6:47 Loom
13:12 Feudal Age
15:34 Wheelbarrow
15:27 Padded Archer Armor
15:29 Scale Mail Armor
14:52 Man-at-Arms
15:19 Arson
15:37 Horse Collar
15:45 Double-Bit Axe
16:16 Gold Mining
18:20 Town Watch
22:38 Castle Age
22:29 Fletching
22:50 Forging
23:17 Crossbowman
24:17 Squires
27:50 Elite Skirmisher
36:38 Gambesons
38:32 Long Swordsman
Connection lost

Rejoining the realm…

Still unreachable

The connection could not be restored.

Session expired

The server has moved on; the page needs a fresh start.